 Dungeon Crawl Stone Soup version 0.21.1-1-g345015fe64 (webtiles) character file.

465 ILYA101 the Slasher (level 7, -1/81 HPs)
             Began as a Human Berserker on July 15, 2018.
             Was a Priest of Trog.
             Slain by a gnoll
             ... wielding a +0 flail
              (15 damage)
             ... on level 4 of the Dungeon.
             The game lasted 00:07:11 (4905 turns).

ILYA101 the Slasher (Human Berserker)               Turns: 4905, Time: 00:07:12

Health: -1/81      AC:  5    Str: 22    XL:     7   Next: 29%
Magic:  7/7        EV: 12    Int:  8    God:    Trog [***...]
Gold:   194        SH:  0    Dex: 14    Spells: 6/6 levels left

rFire    . . .     SeeInvis .   a - +0 falchion
rCold    . . .     Gourm    .   (no shield)
rNeg     . . .     Faith    .   o - +0 ring mail
rPois    .         Spirit   .   (no helmet)
rElec    .         Reflect  .   (no cloak)
rCorr    .         Harm     .   (no gloves)
MR       ++...                  (no boots)
Stlth    ..........             (no amulet)
HPRegen  1.23/turn              (no ring)
MPRegen  0.10/turn              (no ring)

@: berserking, regenerating, very quick
A: no striking features
a: Berserk, Trog's Hand, Burn Spellbooks, Renounce Religion


You were on level 4 of the Dungeon.
You worshipped Trog.
Trog was most pleased with you.
You were near starving.

You visited 1 branch of the dungeon, and saw 4 of its levels.

You collected 194 gold pieces.

Inventory:

Hand Weapons
 a - a +0 falchion (weapon)
Armour
 o - a +0 ring mail (worn)
Scrolls
 b - 2 scrolls of magic mapping {unknown}
 h - a scroll of amnesia
 j - a scroll of enchant weapon {unknown}
 m - 5 scrolls of teleportation
 p - 4 scrolls of identify
 q - a scroll of remove curse
 r - a scroll of noise {unknown}
 t - a scroll of fog {unknown}
 v - a scroll of random uselessness {unknown}
Potions
 d - a potion of agility {unknown}
 e - 2 potions of magic {unknown}
 f - a potion of flight
 g - 2 potions of haste {unknown}
 i - a potion of might {unknown}
 k - 2 potions of brilliance {unknown}
 l - 2 potions of mutation {unknown}
 n - 4 potions of curing {unknown}
 s - a potion of berserk rage {unknown}
 u - a potion of ambrosia {unknown}
Comestibles
 c - 10 rations
 w - 2 chunks of flesh


   Skills:
 + Level 4.2 Fighting
 + Level 5.5 Long Blades
 + Level 3.9 Armour
 + Level 3.2 Dodging
 + Level 1.0 Stealth


You had 6 spell levels left.
You didn't know any spells.

Dungeon Overview and Level Annotations

Branches:
Dungeon (4/15)
 Temple: D:4-7

Altars:
Trog
Yredelemnul


Message History

The gnoll barely misses you.
You closely miss the gnoll. You slash the gnoll!
The gnoll is almost dead.
The gnoll closely misses you. The gnoll completely misses you.
You slash the gnoll!
You kill the gnoll!
Trog accepts your kill. The gnoll hits you but does no damage.
You barely miss the gnoll. You barely miss the gnoll.
The gnoll hits you with a flail!
* * * LOW HITPOINT WARNING * * *
You barely miss the gnoll. You closely miss the gnoll.
The gnoll barely misses you.
You hit the gnoll.
The gnoll is moderately wounded.
You closely miss the gnoll.
The gnoll is moderately wounded.
The gnoll hits you with a flail!
You die...

######## #(.....#
##......# # .......#
§§##§#......#
#.§§§.§)g...#
###§§§§.#@...#
..§.§§.#.##.#
#.§§§.§.##.###
#..§§....[.....
####.#.#§...(.....
#.......#§.####...
#######.##.#..#..#
..
..).....##....#....
#######.#####.#.##.#


You could see a gnoll.

Vanquished Creatures
  An ogre (D:4)
  An orc priest (D:3)
  A bullfrog skeleton (D:4)
  2 centaur skeletons
  A worker ant (D:4)
  A hound skeleton (D:4)
  3 worker ant zombies (D:4)
  2 gnolls (D:4)
  7 adders
  An ooze (D:1)
  An adder zombie (D:4)
  5 worms
  2 dart slugs (D:1)
  4 leopard geckos
  7 orcs
  5 bats
  A giant cockroach (D:2)
  11 goblins
  7 hobgoblins
  3 ball pythons
  A ball python zombie (D:4)
  5 frilled lizards
  12 kobolds
  3 leopard gecko skeletons (D:4)
  2 quokka zombies (D:4)
  8 rats
97 creatures vanquished.

Notes
Turn   | Place    | Note
-------+----------+-------------------------------------------
     0 | D:1      | ILYA101 the Human Berserker began the quest for the Orb.
     0 | D:1      | Reached XP level 1. HP: 18/18 MP: 1/1
   343 | D:1      | Reached XP level 2. HP: 24/24 MP: 2/2
   675 | D:1      | Reached XP level 3. HP: 19/29 MP: 3/3
  1342 | D:1      | Reached ** piety under Trog
  1616 | D:1      | Reached XP level 4. HP: 25/35 MP: 4/4
  2117 | D:2      | Reached skill level 4 in Long Blades
  2554 | D:2      | Reached XP level 5. HP: 42/42 MP: 5/5
  2672 | D:2      | Found a basalt altar of Yredelemnul.
  2893 | D:2      | Found a faded altar of an unknown god.
  3192 | D:3      | Found a bloodstained altar of Trog.
  3549 | D:3      | Reached XP level 6. HP: 43/48 MP: 6/6
  3982 | D:4      | Reached skill level 5 in Long Blades
  4317 | D:4      | Noticed an ogre
  4341 | D:4      | Killed an ogre
  4341 | D:4      | Reached XP level 7. HP: 12/54 MP: 7/7
  4742 | D:4      | Reached skill level 1 in Stealth
  4749 | D:4      | Reached *** piety under Trog
  4905 | D:4      | Slain by a gnoll

Skill      XL: |  1  2  3  4  5  6  7 |
---------------+----------------------+-----
Long Blades    | 4 5 |  5.5
Fighting       | 4 |  4.2
Armour         | 3 |  3.9
Dodging        | 3 |  3.2
Stealth        | 1 |  1.0

Action                   |  1- 3 |  4- 6 |  7- 9 || total
-------------------------+-------+-------+-------++-------
Melee: Falchion          |    97 |   201 |    74 ||   372
Invok: Berserk           |       |     2 |     1 ||     3
       Trog's Hand       |       |     2 |     1 ||     3
  Use: Scroll            |       |     5 |       ||     5
 Stab: Sleeping          |     1 |       |       ||     1
  Eat: Chunk             |     2 |     8 |     2 ||    12
       Ration            |       |     1 |       ||     1
Armor: Animal skin       |    16 |     3 |       ||    19
       Ring mail         |       |    37 |    22 ||    59
Dodge: Dodged            |    70 |   128 |    60 ||   258
       Rpst.: Falchion   |    19 |    44 |    15 ||    78
